 Dungeon Crawl Stone Soup version 0.30.0-16-gbe6223bb7e (webtiles) character file.

Game seed: 5620337015852883976

1395 browni3141 the Magician (level 8, -5/54 HPs)
             Began as a Mummy Summoner on May 20, 2023.
             Was a Believer of Kikubaaqudgha.
             Slain by an orc warrior
             ... wielding a +0 dire flail
              (11 damage)
             ... on level 5 of the Dungeon.
             The game lasted 00:10:45 (4732 turns).

browni3141 the Magician (Mummy Summoner)            Turns: 4732, Time: 00:10:45

Health: -5/54      AC:  6    Str: 12    XL:     8   Next: 41%
Magic:  13/18      EV: 11    Int: 16    God:    Kikubaaqudgha [**....]
Gold:   186        SH:  0    Dex: 12    Spells: 12/21 levels left

rFire   x . .        f - +1 whip (elec)
rCold   + . .        (no shield)
rNeg    + + +        u - +0 leather armour
rPois   ∞            i - +0 helmet
rElec   .            r - +0 cloak
rCorr   .            Y - +0 pair of gloves
SInv    .            (no boots)
Will    +....        (no amulet)
Stlth   ++           (no ring)
HPRegen 0.29/turn    (no ring)
MPRegen 0.16/turn

%: faith
@: no status effects
A: cold resistance 1, negative energy resistance 3, torment resistance 2, heat
vulnerability 1, in touch with death 1, no potions, faith
a: Renounce Religion, Unearth Wretches


You were on level 5 of the Dungeon.
You worshipped Kikubaaqudgha.
Kikubaaqudgha was pleased with you.
You visited 1 branch of the dungeon, and saw 5 of its levels.

You collected 222 gold pieces.
You spent 36 gold pieces at shops.

Inventory:

Hand Weapons
 d - a +1 dagger of protection
 e - a +1 short sword of speed
 f - a +1 whip of electrocution (weapon)
Missiles
 J - 5 poisoned darts
 Z - a throwing net
Armour
 a - a +0 robe
 i - a +0 helmet (worn)
 r - a +0 cloak (worn)
 u - a +0 leather armour (worn)
 W - a +0 pair of gloves
 X - a +0 hat
 Y - a +0 pair of gloves (worn)
Magical Staves
 v - the staff of air "Hyof" {Fragile rElec MP+9 Int+2 Dex+4}
   (You found it on level 4 of the Dungeon)

   [staff of air]

   Base accuracy: +5 Base damage: 5 Base attack delay: 1.2 This weapon's minimum
   attack delay (0.6) is reached at skill level 12.
   Int:       It affects your intelligence (+2).
   Dex:       It affects your dexterity (+4).
   rElec:     It insulates you from electricity.
   MP:        It affects your magic capacity (+9).
   Fragile:   It will be destroyed if unequipped.
   It falls into the 'Staves' category.
   It is a one-handed weapon.
Wands
 p - a wand of polymorph (1)
Scrolls
 b - 2 scrolls of fog {unknown}
 c - a scroll of magic mapping {unknown}
 g - 7 scrolls of identify {unknown}
 h - a scroll of enchant armour {unknown}
 q - 3 scrolls of teleportation {unknown}
 s - a scroll of blinking {unknown}
 t - 2 scrolls of noise {unknown}
 V - a scroll of amnesia {unknown}


   Skills:
 - Level 1.0 Fighting
 - Level 3.0 Maces & Flails
 - Level 2.0 Dodging
 - Level 2.0 Stealth
 + Level 7.0 Spellcasting
 - Level 4.0 Summonings
 * Level 6.9 Necromancy


You had 12 spell levels left.
You knew the following spells:

 Your Spells              Type           Power      Damage    Failure   Level
a - Call Canine Familiar  Summ           18%        N/A       9%          3
g - Summon Guardian Gole  Hex/Summ       12%        N/A       21%         3
x - Call Imp              Summ           36%        N/A       4%          2
z - Summon Small Mammal   Summ           72%        N/A       3%          1

Your spell library contained the following spells:

 Spells                   Type           Power      Damage    Failure   Level
 Necrotise                Necr           100%       1d9       1%          1
 Vampiric Draining        Necr           41%        2d8       2%          3
 Animate Dead             Necr           41%        N/A       9%          4
 Cigotuvi's Dreadful Rot  Necr/Pois/Air  38%        N/A       10%         2
 Magic Dart               Conj           20%        1d4       16%         1
 Searing Ray              Conj           10%        2d4       24%         2
 Vhi's Electric Charge    Tloc/Air       10%        N/A       43%         3
 Summon Lightning Spire   Summ/Air       12%        N/A       56%         4
 Fulminant Prism          Conj/Hex       2%         3d5       83%         4
 Arcjolt                  Conj/Air       2%         1d12      99%         5
 Maxwell's Capacitive Co  Air            2%         ∞         100%        8


Dungeon Overview and Level Annotations

Branches:
Dungeon (5/15)             Temple (0/1) D:4

Altars:
Cheibriados
Dithmenos
Fedhas
Gozag
Kikubaaqudgha
Okawaru

Shops:
D:1 *   D:4 =*:   D:5 (


Innate Abilities, Weirdness & Mutations

You are immune to poison.
Your flesh is cold resistant. (rC+)
You are immune to negative energy. (rN+++)
You are immune to unholy pain and torment.
You are vulnerable to heat. (rF-)
You are in touch with the powers of death.
You do not drink.
You have a special connection with the divine. (Faith)


Message History

J - 5 poisoned darts You swap places.
There is a stone staircase leading up here.
You swap places.
Your hound disappears in a puff of smoke!
g - 7 scrolls labelled VAEGGU IPPERO (gained 1)
You now have 186 gold pieces (gained 8).
Found a stone staircase leading down.
q - 3 scrolls labelled SOEMOXKOFF (gained 1)
There is a stone staircase leading down here.
The orc warrior shouts!
The orc wizard casts a spell at you.
The puff of flame hits you but does no damage.
The orc warrior shoots a bolt.
The bolt misses your cerulean imp. The bolt hits you!!
You swap places.
Casting: Call Canine Familiar (dangerous; 9% risk of failure)
Confirm with . or Enter, or press ? or * to list all spells.
Your cerulean imp misses the orc wizard.
Casting: Call Canine Familiar (dangerous; 9% risk of failure)
Confirm with . or Enter, or press ? or * to list all spells.
A guardian golem appears, shielding your allies.
The orc priest begins to cast a cantrip, but forgets the words!
Your cerulean imp hits the orc wizard but does no damage.
You are too injured to fight recklessly!
You hit the orc wizard.
The orc wizard is lightly wounded.
The orc wizard gestures at you while chanting.
The magic dart hits you but does no damage.
Your cerulean imp hits the orc wizard but does no damage.
Your hound misses the orc wizard. You closely miss the orc wizard.
The orc wizard is lightly wounded.
The orc wizard casts a spell at you.
Your cerulean imp easily resists.
The orc wizard casts a spell at you. The puff of flame misses you.
Your hound barely misses the orc wizard.
Your cerulean imp hits the orc wizard but does no damage.
Your hound bites the orc wizard.
The orc wizard completely misses your cerulean imp.
The orc priest closely misses your cerulean imp.
The orc priest misses your hound.
Your cerulean imp completely misses the orc wizard.
You hit the orc wizard but do no damage.
Lightning courses through the orc wizard!
You kill the orc wizard!
Kikubaaqudgha accepts your kill.
Your hound bites the orc wizard.
The orc wizard hits your cerulean imp but does no damage.
The orc priest misses your cerulean imp.
The orc priest hits your hound with a +0 hand axe.
Your hound barely misses the orc wizard.
Your cerulean imp closely misses the orc wizard.
You hit the orc warrior but do no damage.
Lightning courses through the orc warrior!!
You punch the orc warrior, but do no damage.
The orc warrior is severely wounded.
Your hound closely misses the orc wizard.
The orc wizard hits your cerulean imp with a staff of cold.
The orc priest hits your cerulean imp with a +0 hand axe.
The orc priest hits your hound with a +0 hand axe.
Your cerulean imp hits the orc wizard but does no damage.
The orc warrior unwields a +0 arbalest.
The orc warrior wields a +0 dire flail.
The orc warrior hits you with a +0 dire flail!!
* * * LOW HITPOINT WARNING * * *
You closely miss the orc warrior.
The orc warrior is severely wounded.
Your hound bites the orc priest.
The orc priest barely misses your cerulean imp.
The orc priest hits your hound with a +0 hand axe.
The orc wizard hits your cerulean imp with a staff of cold.
Your hound bites the orc priest.
Your cerulean imp hits the orc wizard but does no damage.
You closely miss the orc warrior.
The orc warrior is severely wounded.
Your hound bites the orc priest.
The orc warrior hits you with a +0 dire flail.
* * * LOW HITPOINT WARNING * * *
The orc wizard hits your cerulean imp with a staff of cold.
The orc priest barely misses your hound.
The orc priest closely misses your cerulean imp.
Your cerulean imp hits the orc wizard but does no damage.
You hit the orc warrior but do no damage.
The orc warrior is severely wounded.
Your hound bites the orc priest.
The orc warrior hits you with a +0 dire flail!
* * * LOW HITPOINT WARNING * * *
The orc wizard hits your cerulean imp with a staff of cold.
The orc priest begins to cast a cantrip, but forgets the words!
Your hound barely misses the orc priest.
You closely miss the orc warrior.
The orc warrior is severely wounded.
Your cerulean imp hits the orc wizard with a -3 spear.
Your hound bites the orc priest.
The orc priest dies!
Kikubaaqudgha accepts your kill.
The orc warrior hits you with a +0 dire flail!
You die...
Kikubaaqudgha rasps: "You have failed me!
Welcome... oblivion!"

#.#..# ###....###
#........##
#.#.......##
.....h...# ###.
..)o9..#..... ###..#
#.5...#...# ......
#o.....# #.##.##
#@.$..## ###.##..+
#....## ....##.##
#..>.# .#......##
##....#
.........######.....#
.#.......#..........#
...###..##.#.......##
##.# ##....#......##
#.###....##...####


You could see an orc warrior, an orc wizard (ally target), a friendly guardian
golem (summoned), a friendly hound (summoned, sheltered) and a friendly cerulean
imp (summoned, sheltered).

Vanquished Creatures
  Eustachio (D:4)
  An orc warrior (D:4)
  The ghost of Liamsmithers the Ducker, an amateur TrFi of Dithmenos (D:4)
  A black bear (D:5)
  2 ice beasts (D:5)
  3 scorpions
  A hound (D:4)
  A sleepcap (D:4)
  2 iguanas (D:4)
  Natasha (D:2)
  An orc wizard (D:5)
  3 adders
  A worm (D:3)
  9 orcs
  2 endoplasms (D:2)
  2 giant cockroaches
  9 goblins
  3 hobgoblins
  4 kobolds
  3 quokkas
  7 ball pythons
  2 bats
  5 frilled lizards
  4 rats
69 creatures vanquished.

Vanquished Creatures (collateral kills)
  An ogre (D:4)
  A jelly (D:5)
  2 orc priests
  An orc wizard (D:4)
  Robin (D:2)
  2 orcs
  An endoplasm (D:1)
  4 goblins
  5 hobgoblins
  4 jackals (D:1)
  A quokka (D:3)
  2 bats
  3 kobolds
  A rat (D:3)
29 creatures vanquished.

Vanquished Creatures (others)
  Menkaure (D:4)
  An orc priest (D:5)
  3 orcs (D:4)
5 creatures vanquished.

Grand Total: 103 creatures vanquished

Notes
Turn   | Place    | Note
-------+----------+-------------------------------------------
     0 | D:1      | browni3141 the Mummy Summoner began the quest for the Orb.
     0 | D:1      | Reached XP level 1. HP: 13/13 MP: 4/4
    42 | D:1      | Found Yhilih's Assorted Antiques.
   424 | D:1      | Reached XP level 2. HP: 19/19 MP: 2/5
   544 | D:1      | Reached skill level 3 in Spellcasting
  1033 | D:2      | Learned a level 2 spell: Call Imp
  1139 | D:2      | Noticed Robin
  1158 | D:2      | Gained mutation: You are in touch with the powers of death.
                  | [Mummy growth]
  1158 | D:2      | Reached XP level 3. HP: 15/24 MP: 4/7
  1193 | D:2      | Killed Robin
  1753 | D:2      | Noticed Natasha
  1767 | D:2      | Killed Natasha
  1768 | D:2      | Reached XP level 4. HP: 15/32 MP: 6/9
  1772 | D:2      | Learned a level 3 spell: Call Canine Familiar
  1776 | D:2      | Learned a level 3 spell: Summon Guardian Golem
  2318 | D:3      | Found an ancient bone altar of Kikubaaqudgha.
  2357 | D:3      | Became a worshipper of Kikubaaqudgha
  2427 | D:3      | Found a shadowy altar of Dithmenos.
  2462 | D:3      | Found a faded altar of an unknown god.
  2775 | D:4      | Found an opulent altar of Gozag.
  2873 | D:4      | Reached XP level 5. HP: 31/37 MP: 2/10
  2899 | D:4      | Found Kahic's Jewellery Boutique.
  3119 | D:4      | Found a runed translucent gate.
  3119 | D:4      | Found a runed translucent gate.
  3119 | D:4      | Noticed Liamsmithers's ghost (amateur TrFi)
  3121 | D:4      | Found a runed translucent gate.
  3122 | D:4      | Noticed an orc warrior
  3153 | D:4      | Reached * piety under Kikubaaqudgha
  3153 | D:4      | Received a gift from Kikubaaqudgha
  3187 | D:4      | Reached skill level 4 in Spellcasting
  3187 | D:4      | Reached XP level 6. HP: 43/43 MP: 10/12
  3189 | D:4      | Identified the staff of air "Hyof" {Fragile rElec MP+9
                  | Int+2 Dex+4}
  3211 | D:4      | Noticed Eustachio
  3226 | D:4      | Killed Eustachio
  3227 | D:4      | Reached skill level 3 in Maces & Flails
  3315 | D:4      | Found a staircase to the Ecumenical Temple.
  3344 | D:4      | Found Suilur's General Store.
  3349 | D:4      | Bought a throwing net for 36 gold pieces
  3376 | D:4      | Reached skill level 3 in Necromancy
  3657 | D:4      | Reached XP level 7. HP: 48/48 MP: 6/14
  3893 | D:4      | Found Ysoann's Book Boutique.
  3949 | D:4      | Reached skill level 5 in Spellcasting
  3971 | D:4      | Identified the +0 dagger of Anojoxie {heavy, rF- rC+++
                  | rN+++ Dex-3}
  3991 | D:4      | Noticed Menkaure
  3998 | D:4      | Killed Menkaure
  4128 | D:4      | Killed Liamsmithers's ghost
  4135 | D:4      | Reached skill level 6 in Spellcasting
  4267 | D:5      | Entered Level 5 of the Dungeon
  4272 | D:5      | Found a blossoming altar of Fedhas.
  4272 | D:5      | Found a snail-covered altar of Cheibriados.
  4329 | D:5      | Reached XP level 8. HP: 43/54 MP: 17/17
  4384 | D:5      | Found Bovvam's Weapon Shop.
  4428 | D:5      | Reached skill level 6 in Necromancy
  4435 | D:5      | Reached ** piety under Kikubaaqudgha
  4627 | D:5      | Found an iron altar of Okawaru.
  4643 | D:5      | Reached skill level 7 in Spellcasting
  4732 | D:5      | Slain by an orc warrior

Illustrated notes

Levels and vault maps discovered:
D:1:      minmay_arrival_arboretum_small, layout_loops_cross, serial_shops,
          nicolae_diamond_shop, feat_on_display
D:2:      layout_loops_cross, serial_co_window_serial, co_window_corner_a,
          co_window_paths_b, co_window_of_opportunity_a, co_window_paths_b,
          co_window_of_opportunity_a, co_window_broadway_a,
          co_window_broadway_a, co_window_of_opportunity_b,
          co_window_broadway_a, co_window_corner_b, co_window_sun,
          co_window_4corner_b, glass_columns_c, glass_columns_a, uniq_natasha,
          uniq_robin
D:3:      layout_basic, amcnicky_altar_gilded, mainiacjoe_overflow_tiny_flanked,
          chequers_ecumenical_altar_simple_redux,
          corexii_item_surrounded_by_moat, palyth_stone_intersect
D:4:      layout_loops_corners, mainiacjoe_overflow_concentric_impassable,
          minmay_temple_entry_statues_pillars, serial_shops, shop, shop, shop,
          biasface_ghost_orc_armoury, uniq_eustachio, uniq_menkaure
D:5:      layout_rooms, general_overflow_altar, makhleb_grotto_becter,
          chequers_temple_overflow_statue_of_worship, serial_shops,
          nicolae_shop_bloodbath_and_beyond,
          hangedman_abyss_or_decor_lesser_grid

Skill      XL: |  1  2  3  4  5  6  7  8 |
---------------+-------------------------+-----
Spellcasting   | 3 4 6 7 |  7.0
Stealth        | 2 |  2.0
Maces & Flails | 1 2 3 |  3.0
Dodging        | 2 |  2.0
Fighting       | 1 |  1.0
Necromancy     | 1 2 3 5 6 |  6.9
Summonings     | 4 |  4.0

Action                     |  1- 3 |  4- 6 |  7- 9 || total
---------------------------+-------+-------+-------++-------
  Melee: Unarmed           |    30 |       |       ||    30
         Dagger            |    26 |       |       ||    26
         Whip              |    43 |   112 |    84 ||   239
         Punch             |       |       |     2 ||     2
   Cast: Summon Small Mamm |    29 |       |       ||    29
         Call Imp          |     7 |    16 |     9 ||    32
         Call Canine Famil |       |     5 |     3 ||     8
         Summon Guardian G |       |       |     4 ||     4
   Stab: Sleeping          |     3 |     1 |       ||     4
         Distracted        |       |       |     1 ||     1
 Armour: Robe              |    34 |     7 |       ||    41
         Leather armour    |       |    26 |    35 ||    61
  Dodge: Dodged            |   112 |    66 |    36 ||   214
